[Event "Team 45 45 League T42"]
[Site "Internet Chess Club"]
[Date "2009.08.14"]
[Round "3"]
[White "BotanicalKnight"]
[Black "AlPearson"]
[Result "1-0"]
[WhiteElo "1531"]
[BlackElo "1388"]
[Opening "Alekhine's defense: Scandinavian variation"]
[ECO "B02"]
[Time "19:02:14"]
[TimeControl "2700+45"]

1. e4 Nf6 2. Nc3 d5 3. e5 d4 4. Nce2 Ng4 5. f4 d3 6. Ng3 Qd4 7. Qf3 dxc2 8. h3
Nh6 9. Bd3 Qc5 10. Ne4 Qc6 11. Ne2 Nf5 12. g4 Nh4 13. Qg3 Nf5 14. gxf5 Bxf5 15.
Nd4 Qg6 16. Qxg6 Bxg6 17. f5 Bh5 18. Bxc2 b6 19. Ba4+ Kd8 20. d3 c5 21. Nc6+
Nxc6 22. Bxc6 Rc8 23. Bd5 Bf3 24. Rf1 Bg2 25. Rf2 Bxh3 26. Ng5 e6 27. Nxf7+ Ke8
28. Bxe6 Rb8 29. Nxh8 Be7 30. Rh2 Bh4+ 31. Kd2 Bg5+ 32. Kc2 Bxc1 33. Rxc1 Bg4
34. Rxh7 Kf8 35. Ng6+ Ke8 36. Rh8# {Black checkmated} 1-0

[Event "Team 45 45 League T42"]
[Site "Internet Chess Club"]
[Date "2009.08.14"]
[Round "3"]
[White "AtomicDog"]
[Black "IanT"]
[Result "1-0"]
[WhiteElo "1393"]
[BlackElo "1516"]
[Opening "Ruy Lopez: classical (Cordel) defense"]
[ECO "C64"]
[Time "07:30:45"]
[TimeControl "2700+45"]

1. e4 e5 2. Nf3 Nc6 3. Bb5 Bc5 4. O-O d6 5. c3 Bg4 6. d4 Bxf3 7. gxf3 a6 8.
Bxc6+ bxc6 9. dxc5 dxc5 10. Qxd8+ Rxd8 11. Be3 Rd3 12. c4 Nf6 13. Nc3 g5 14.
Rad1 Rxd1 15. Rxd1 Nd7 16. Kh1 h6 17. Rg1 Rf8 18. Na4 f5 19. Nxc5 f4 20. Nxd7
Kxd7 21. Bc5 Rb8 22. b4 Ke6 23. h4 Kf6 24. h5 Rd8 25. a4 Kg7 26. b5 axb5 27.
axb5 cxb5 28. cxb5 Rd2 29. Rb1 Rc2 30. Ba7 Kf6 31. Kg2 Rc3 32. b6 cxb6 33. Rxb6+
Kg7 34. Bb8 Rc5 35. Rg6+ Kh7 36. Re6 Rb5 37. Bxe5 Ra5 38. Re7+ Kg8 39. Bc3 Rc5
40. Rg7+ Kf8 41. Bf6 Rc6 42. e5 Rb6 43. Rh7 Kg8 44. Rxh6 Kf7 45. Rg6 {Black
resigns} 1-0

[Event "Team 45 45 League T42"]
[Site "Internet Chess Club"]
[Date "2009.08.16"]
[Round "3"]
[White "Conjurer"]
[Black "Rubacchus"]
[Result "0-1"]
[WhiteElo "1273"]
[BlackElo "1296"]
[Opening "Nimzo-Indian: classical variation"]
[ECO "E32"]
[Time "13:11:28"]
[TimeControl "2700+45"]

1. d4 Nf6 2. c4 e6 3. Nc3 Bb4 4. Qc2 O-O 5. a3 Be7 6. Bg5 c5 7. d5 exd5 8. cxd5
d6 9. e4 h6 10. Bh4 Nbd7 11. Bd3 Ng4 12. Bxe7 Qxe7 13. Nf3 f5 14. O-O f4 15.
Rfe1 Nge5 16. Be2 Ng6 17. b4 a6 18. bxc5 Nxc5 19. Bf1 Bg4 20. Nd4 Ne5 21. f3 Bh5
22. Nf5 Qg5 23. Kh1 Rf6 24. Rab1 Nxf3 25. gxf3 Bxf3+ 26. Bg2 Bh5 27. Qf2 Nd3 28.
Qf1 Nxe1 29. h4 Qxg2+ 30. Qxg2 Nxg2 31. Kxg2 b5 32. Kf2 g6 33. Nd4 f3 34. Rg1
Rc8 35. Nc6 Rc7 36. Nd1 Rf4 37. Nc3 Rxh4 {White resigns} 0-1

[Event "Team 45 45 League T42"]
[Site "Internet Chess Club"]
[Date "2009.08.15"]
[Round "3"]
[White "BotanicalKnight"]
[Black "Invicta-Knight"]
[Result "1/2-1/2"]
[WhiteElo "1533"]
[BlackElo "1577"]
[Opening "Scandinavian (center counter) defense"]
[ECO "B01"]
[Time "15:08:36"]
[TimeControl "2700+45"]

1. e4 d5 2. e5 Bf5 3. f4 c5 4. d3 Nc6 5. Nc3 f6 6. exf6 Nxf6 7. Nf3 Bg4 8. h3
Bxf3 9. Qxf3 e6 10. g4 Qb6 11. g5 Nd7 12. Ne2 Nb4 13. Kd1 g6 14. c3 Nc6 15. h4
O-O-O 16. h5 Bd6 17. Kc2 Ne7 18. Bh3 Bc7 19. d4 c4 20. b3 cxb3+ 21. axb3 Nf5 22.
Bxf5 gxf5 23. Ba3 a6 24. Rhb1 Nb8 25. Bc5 Qb5 26. b4 b6 27. Be7 Rde8 28. Bf6
Rhg8 29. h6 Nd7 30. Be5 Nxe5 31. dxe5 Kb7 32. Nd4 Qc4 33. Ra3 Rc8 34. Nxe6 Bxe5
35. fxe5 Rge8 36. Qxf5 Qe2+ 37. Kc1 Qe1+ 38. Kb2 Qd2+ 39. Ka1 Rxe6 40. Qxe6 Rxc3
41. Rxc3 Qxc3+ 42. Rb2 Qc1+ 43. Ka2 Qc4+ 44. Ka1 Qc1+ 45. Ka2 Qc4+ {Game drawn
by mutual agreement} 1/2-1/2

[Event "Team 45 45 League T42"]
[Site "Internet Chess Club"]
[Date "2009.08.16"]
[Round "3"]
[White "allanchs"]
[Black "ticopatzer"]
[Result "1-0"]
[WhiteElo "1571"]
[BlackElo "1530"]
[Opening "Robatsch defense: Pseudo-Austrian attack"]
[ECO "B06"]
[Time "10:00:56"]
[TimeControl "2700+45"]

1. e4 g6 2. d4 Bg7 3. Nc3 d6 4. f4 Nc6 5. Be3 a6 6. Nf3 Nf6 7. a3 b5 8. Bd3 Bb7
9. O-O O-O 10. h3 Re8 11. e5 dxe5 12. fxe5 Nd5 13. Bd2 b4 14. axb4 Ndxb4 15. Be4
Rb8 16. Be3 e6 17. Na4 Nd5 18. Bd2 Nb6 19. c3 Nxd4 20. Bxb7 Nxf3+ 21. Bxf3 Bxe5
22. Qe2 Nxa4 23. Rxa4 Rxb2 24. Qxe5 Qxd2 25. Qxc7 e5 26. Bc6 Qe3+ 27. Kh1 Rf2
28. Rxf2 Qxf2 29. Bxe8 Qf1+ 30. Kh2 {Black resigns} 1-0

[Event "Team 45 45 League T42"]
[Site "Internet Chess Club"]
[Date "2009.08.12"]
[Round "3"]
[White "Sapienza"]
[Black "tightfist"]
[Result "1-0"]
[WhiteElo "1632"]
[BlackElo "1591"]
[Opening "Owen defense"]
[ECO "B00"]
[Time "22:15:44"]
[TimeControl "2700+45"]

1. e4 b6 2. d4 d6 3. Nc3 Bb7 4. Nf3 Nf6 5. Bc4 e6 6. Bg5 Be7 7. e5 dxe5 8. dxe5
Qxd1+ 9. Rxd1 Ng8 10. Bxe7 Nxe7 11. Bb5+ c6 12. Bc4 O-O 13. O-O Nd5 14. Nxd5
cxd5 15. Bd3 Ba6 16. Nd4 Bxd3 17. Rxd3 Nd7 18. f4 Nc5 19. Rh3 Ne4 20. c3 a6 21.
f5 exf5 22. Rxf5 Rae8 23. Rfh5 h6 24. Nf5 Re6 25. Rd3 Rd8 26. c4 Rc8 27. Nd6
Nxd6 28. exd6 Rxd6 29. cxd5 Rc1+ 30. Kf2 Rc2+ 31. Kg3 Rxb2 32. a3 Rg6+ 33. Kf4
Rbxg2 34. d6 Rf6+ 35. Ke3 Re6+ 36. Kf3 Rgg6 37. d7 Rgf6+ 38. Kg3 Rg6+ 39. Kh3
Rd6 40. d8=Q+ Rxd8 41. Rxd8+ Kh7 42. Rd7 Rf6 43. Rhd5 Rf3+ 44. Kg4 Rxa3 45. Rxf7
Kg6 46. Rdd7 h5+ 47. Kf4 Ra4+ 48. Ke5 Ra5+ 49. Ke6 Ra2 50. Rxg7+ Kh6 51. Rh7+
Kg5 52. Rd5+ Kf4 53. Rhxh5 Re2+ 54. Kd6 Re8 55. Rhf5+ Kg4 56. Rg5+ Kh3 57. Rh5+
Kg4 58. Rdg5+ Kf4 59. Kc6 Re6+ 60. Kb7 b5 61. Rg3 Rd6 62. Ra3 Kg4 63. Rh7 b4 64.
Rxa6 Rd1 65. Ra4 Rb1 66. Ka6 Kg5 67. Rb7 b3 68. Rb5+ Kg6 69. Rab4 Rb2 70. h4 Rh2
71. h5+ Kh6 72. Rxb3 Ra2+ 73. Kb7 Rh2 74. Rg3 Rh1 75. Rg6+ Kh7 76. Rd6 Rh2 77.
Rc5 Rb2+ 78. Kc8 Rg2 79. Rc7+ Rg7 80. Rxg7+ Kxg7 81. h6+ Kg8 82. h7+ Kh8 83.
Rd8+ Kxh7 84. Rd1 Kg6 85. Rf1 Kg5 86. Kd7 Kg6 87. Ke7 Kg5 88. Ke6 Kg4 89. Ke5
Kg3 90. Ke4 Kg2 91. Rf8 Kg3 92. Rf7 Kg2 93. Ke3 Kg3 94. Rg7+ Kh4 95. Kf3 Kh5 96.
Kf4 Kh6 97. Rg1 Kh5 98. Rg2 Kh6 99. Kf5 Kh7 100. Kf6 Kh8 101. Kf7 Kh7 102. Rh2#
{Black checkmated} 1-0

[Event "Team 45 45 League T42"]
[Site "Internet Chess Club"]
[Date "2009.08.16"]
[Round "3"]
[White "frankd"]
[Black "Andressa"]
[Result "0-1"]
[WhiteElo "1505"]
[BlackElo "1492"]
[Opening "Scotch gambit: Dubois-Réti defense"]
[ECO "C55"]
[Time "22:00:12"]
[TimeControl "2700+45"]

1. e4 e5 2. Nf3 Nc6 3. Bc4 Nf6 4. d4 exd4 5. e5 d5 6. Bb5 Ne4 7. Nxd4 Bd7 8.
Bxc6 bxc6 9. O-O Bc5 10. Be3 O-O 11. Nd2 Qe7 12. Nxe4 dxe4 13. e6 fxe6 14. Re1
Qf6 15. Qd2 Rad8 16. c3 Qg6 17. Nb3 Bc8 18. Qe2 Bb6 19. Bc5 Rf4 20. Rad1 Rd3 21.
Rxd3 exd3 22. Qd2 Rg4 23. g3 h5 24. a4 a5 25. Bxb6 cxb6 26. Nd4 e5 27. Rxe5 c5
28. f3 Rxg3+ 29. hxg3 Qxg3+ 30. Kf1 Qxe5 31. Nb5 Bh3+ 32. Kg1 Qg3+ 33. Kh1 Qxf3+
34. Kh2 Qe2+ {White resigns} 0-1

[Event "Team 45 45 League T42"]
[Site "Internet Chess Club"]
[Date "2009.08.17"]
[Round "3"]
[White "Aquaman"]
[Black "nozmov"]
[Result "1-0"]
[WhiteElo "1379"]
[BlackElo "1398"]
[Opening "French: Henneberger variation"]
[ECO "C11"]
[Time "16:00:17"]
[TimeControl "2700+45"]

1. d4 Nf6 2. Nc3 e6 3. e4 d5 4. Be3 Bb4 5. Bd2 dxe4 6. Nxe4 Bxd2+ 7. Nxd2 Qxd4
8. c3 Qd8 9. Ngf3 O-O 10. Qc2 Nc6 11. O-O-O Qe7 12. Bd3 h6 13. h4 Ng4 14. Rdf1
f5 15. g3 a6 16. Be2 Nge5 17. Nh2 g6 18. f4 Nf7 19. Rfg1 e5 20. Re1 h5 21. fxe5
Nfxe5 22. Nhf3 Nxf3 23. Bxf3 Qf6 24. Ref1 Be6 25. b3 Rad8 26. Bg2 Rd6 27. Nf3
Bd5 28. Rhg1 Be4 29. Qb2 Rfd8 30. Ng5 Rd2 31. Qxd2 Rxd2 32. Kxd2 Bxg2 33. Rxg2
Qd6+ 34. Kc2 Kg7 35. Re1 Qf8 36. Ne6+ {Black resigns} 1-0

[Event "Team 45 45 League T42"]
[Site "Internet Chess Club"]
[Date "2009.08.16"]
[Round "3"]
[White "Zebbile"]
[Black "cityprosecutor"]
[Result "1-0"]
[WhiteElo "2036"]
[BlackElo "1779"]
[Opening "Réti opening"]
[ECO "A04"]
[Time "22:02:07"]
[TimeControl "2700+45"]

1. Nf3 c5 2. b3 d6 3. e3 e5 4. Bb5+ Nc6 5. O-O Bd7 6. Bb2 Nf6 7. d4 e4 8. Nfd2
a6 9. Bxc6 Bxc6 10. c4 b5 11. d5 Bd7 12. Qc2 Bf5 13. Nc3 bxc4 14. bxc4 Qe7 15.
f3 exf3 16. Qxf5 Qxe3+ 17. Rf2 fxg2 18. Kxg2 Be7 19. Re2 Qh6 20. Rae1 Ra7 21.
Qc8# {Black checkmated} 1-0

[Event "Team 45 45 League T42"]
[Site "Internet Chess Club"]
[Date "2009.08.13"]
[Round "3"]
[White "chess9793"]
[Black "jefferyx"]
[Result "0-1"]
[WhiteElo "1870"]
[BlackElo "1950"]
[Opening "Sicilian: Taimanov variation"]
[ECO "B48"]
[Time "20:00:03"]
[TimeControl "2700+45"]

1. e4 c5 2. Nf3 e6 3. d4 cxd4 4. Nxd4 Nc6 5. Nc3 a6 6. Be3 Qc7 7. Bd3 Nf6 8. O-O
Bb4 9. Nde2 O-O 10. h3 d5 11. exd5 exd5 12. Bf4 Bd6 13. Bxd6 Qxd6 14. Qd2 Ne5
15. Rad1 Bxh3 16. f4 Qb6+ 17. Kh1 Nxd3 18. Qxd3 Bg4 19. b3 Ne4 20. Nxd5 Qh6+ 21.
Kg1 Bxe2 22. Qxe2 Ng3 23. Qf3 Qh1+ 24. Kf2 Nxf1 25. Rxf1 Qh4+ 26. Kg1 Rac8 27.
g3 Qd8 28. Rd1 Re8 29. c4 b5 30. f5 f6 31. Qf2 bxc4 32. Rd2 Qa5 33. Nb6 c3 34.
Rc2 Rcd8 35. Nc4 Rd1+ 36. Kh2 Qd5 37. g4 Qh1+ 38. Kg3 Rd3+ {White resigns} 0-1

[Event "Team 45 45 League T42"]
[Site "Internet Chess Club"]
[Date "2009.08.15"]
[Round "3"]
[White "toukon"]
[Black "chess9397"]
[Result "0-1"]
[WhiteElo "1481"]
[BlackElo "1886"]
[Opening "Sicilian: accelerated fianchetto, Maróczy bind"]
[ECO "B36"]
[Time "13:02:02"]
[TimeControl "2700+45"]

1. e4 c5 2. Nf3 Nc6 3. d4 cxd4 4. Nxd4 g6 5. c4 Nf6 6. Nc3 d6 7. Be2 Nxd4 8.
Qxd4 Bg7 9. Be3 O-O 10. Qd2 a5 11. O-O a4 12. f4 Qa5 13. f5 a3 14. b3 Bd7 15.
fxg6 hxg6 16. Rac1 Bc6 17. Bd3 Ng4 18. Nd1 Nxe3 19. Qxe3 Qh5 20. Qf3 Qh6 21. Kh1
Qxc1 22. Ne3 Qb2 23. Ng4 Ra5 24. Qf4 Qxa2 25. Nh6+ Bxh6 26. Qxh6 Rh5 27. Qf4
Qxb3 28. Rf3 Qd1+ {White resigns} 0-1

[Event "Team 45 45 League T42"]
[Site "Internet Chess Club"]
[Date "2009.08.15"]
[Round "3"]
[White "TIP"]
[Black "Quaq"]
[Result "0-1"]
[WhiteElo "1694"]
[BlackElo "1593"]
[Opening "Sicilian: Hungarian variation"]
[ECO "B27"]
[Time "11:52:38"]
[TimeControl "2700+45"]

1. e4 c5 2. Nf3 g6 3. d4 cxd4 4. Qxd4 Nf6 5. e5 Nc6 6. Qc3 Nd5 7. Qb3 Nb6 8. Bc4
Nxc4 9. Qxc4 Bg7 10. Qe2 O-O 11. Nc3 d6 12. O-O Bg4 13. exd6 Bxf3 14. dxe7 Bxe2
15. exd8=Q Raxd8 16. Nxe2 Rfe8 17. Ng3 h6 18. Rb1 Nb4 19. a3 Nxc2 20. Bf4 Nd4
21. b4 Ne6 22. Be3 b6 23. a4 Kf8 24. a5 Bd4 25. Bd2 Kg7 26. Kh1 bxa5 27. bxa5
Nc5 28. f4 Nd3 29. h3 Rb8 30. Rxb8 Rxb8 31. f5 Re8 32. f6+ Kh7 33. Rf3 Nf2+ 34.
Kh2 Ne4 35. Nxe4 Rxe4 36. Bc3 a6 37. Bxd4 Rxd4 38. Rb3 Rd6 39. Rb6 Re6 40. Kg3
g5 41. Kg4 Kg6 42. g3 h5+ 43. Kf3 Kxf6 44. g4 h4 45. Rb8 Ke5 46. Ke3 Kd5+ 47.
Kd3 Kc5 48. Rg8 f6 49. Rd8 Kb4 50. Rd5 Rc6 51. Rf5 Rc3+ 52. Ke4 Rc4+ 53. Kd3 Rf4
54. Rxf4+ gxf4 55. Ke4 Kxa5 56. Kxf4 Kb5 57. Kf5 a5 58. Kxf6 a4 59. g5 a3 60. g6
a2 61. g7 a1=Q+ 62. Kf7 Qf1+ 63. Ke7 Qe2+ 64. Kf7 Qf3+ 65. Ke7 Qe4+ 66. Kf8 Qf5+
67. Ke7 Qg6 68. Kf8 Qf6+ 69. Kg8 Kc5 70. Kh7 Qf7 71. Kh8 Kd5 72. g8=Q Qxg8+ 73.
Kxg8 Ke5 74. Kf7 Kf4 75. Ke6 Kg3 76. Kf5 Kxh3 77. Kf4 Kg2 {White resigns} 0-1

[Event "Team 45 45 League T42"]
[Site "Internet Chess Club"]
[Date "2009.08.16"]
[Round "3"]
[White "frank001"]
[Black "chess92192"]
[Result "0-1"]
[WhiteElo "1871"]
[BlackElo "1947"]
[Opening "Queen's pawn"]
[ECO "A40"]
[Time "21:03:48"]
[TimeControl "2700+45"]

1. d4 e6 2. e3 c5 3. c3 Nc6 4. Bd3 b6 5. f4 Bb7 6. Nf3 Qc7 7. O-O f5 8. Qe2 Nf6
9. Ne5 Be7 10. Nd2 d6 11. Nxc6 Bxc6 12. e4 fxe4 13. Nxe4 Nxe4 14. Bxe4 d5 15.
Qh5+ Kd7 16. Bf3 g6 17. Qh3 h5 18. Re1 Qd6 19. Bd2 cxd4 20. cxd4 Bf6 21. Bc3
Rae8 22. a3 Qxf4 23. Rad1 Qf5 24. Qg3 h4 25. Qf2 h3 26. g3 Bb5 27. Qe3 g5 28.
Rd2 g4 29. Bd1 Bg5 30. Qf2 Bxd2 31. Qxd2 Rhf8 {White resigns} 0-1

[Event "Team 45 45 League T42"]
[Site "Internet Chess Club"]
[Date "2009.08.16"]
[Round "3"]
[White "hewdondada"]
[Black "jjmolina"]
[Result "1-0"]
[WhiteElo "1749"]
[BlackElo "1646"]
[Opening "QGD Slav: 3.Nf3"]
[ECO "D11"]
[Time "12:08:53"]
[TimeControl "2700+45"]

1. d4 d5 2. c4 c6 3. Nf3 Nf6 4. Bg5 e6 5. cxd5 exd5 6. Qc2 Be7 7. Nc3 Nbd7 8. e3
O-O 9. Bd3 h6 10. Bf4 Re8 11. O-O Nh5 12. Be5 Nhf6 13. Rab1 a5 14. Bg3 Nh5 15.
Be5 Nhf6 16. h3 Nb8 17. Na4 Na6 18. a3 Nd7 19. Bh2 Bf8 20. Rfc1 Qf6 21. Qd2 b5
22. Nc3 Bb7 23. Bc2 g6 24. Qd3 Nb6 25. e4 dxe4 26. Nxe4 Qd8 27. Be5 Nd5 28. Bb3
Re6 29. Bxd5 cxd5 30. Nf6+ Rxf6 31. Bxf6 Qxf6 32. Qxb5 Rb8 33. Ne5 Bc8 34. Qxa5
Bf5 35. Rc6 Qd8 36. Qxd8 Rxd8 37. Rbc1 Nb8 38. Rc7 Be6 39. a4 Bd6 40. Rb7 Na6
41. Nc6 Re8 42. b4 Bc8 43. Rb5 Nc7 44. Rb8 Kf8 45. b5 Ne6 46. Ra8 Nc7 47. Ra7
Bf4 48. Rd1 Bd7 49. Ne5 Bxb5 50. axb5 Nxb5 51. Rxf7+ Kg8 52. Rxf4 {Black
resigns} 1-0

[Event "Team 45 45 League T42"]
[Site "Internet Chess Club"]
[Date "2009.08.16"]
[Round "3"]
[White "andrew28"]
[Black "mugurelt"]
[Result "0-1"]
[WhiteElo "1681"]
[BlackElo "1750"]
[Opening "Sicilian"]
[ECO "B54"]
[Time "18:01:50"]
[TimeControl "2700+45"]

1. e4 c5 2. Nf3 d6 3. d4 cxd4 4. Nxd4 a6 5. c4 Nf6 6. Nc3 g6 7. Be2 Bg7 8. f4
Nc6 9. Nxc6 bxc6 10. e5 dxe5 11. Qxd8+ Kxd8 12. fxe5 Ng4 13. Bxg4 Bxg4 14. Bf4
f6 15. e6 Bxe6 16. O-O-O+ Ke8 17. b3 Kf7 18. Rd2 Rad8 19. Rhd1 Rxd2 20. Rxd2 Bc8
21. Ne4 Re8 22. h3 Bf8 23. c5 Bf5 24. Ng3 e5 25. Nxf5 gxf5 26. Be3 f4 27. Bf2 f3
28. Rd7+ Ke6 29. Rxh7 fxg2 30. Kc2 Rd8 31. b4 Kf5 32. Rh4 Rd7 33. Rg4 Rg7 34.
Rxg7 Bxg7 35. a4 Ke6 36. Kd3 Kd5 37. Ke2 Kc4 38. b5 axb5 39. a5 Bf8 40. a6 Bxc5
41. h4 b4 42. h5 b3 43. Bxc5 Kxc5 44. a7 g1=Q 45. a8=Q Qg2+ 46. Ke1 b2 47. Qa5+
Kd4 48. Qb4+ Ke3 49. Qc3+ Kf4 50. Qd3 Qe4+ {White resigns} 0-1

[Event "Team 45 45 League T42"]
[Site "Internet Chess Club"]
[Date "2009.08.18"]
[Round "3"]
[White "RD1974"]
[Black "mongmong"]
[Result "1/2-1/2"]
[WhiteElo "1631"]
[BlackElo "1543"]
[Opening "French: King's Indian attack"]
[ECO "C00"]
[Time "18:08:36"]
[TimeControl "2700+45"]

1. e4 e6 2. d3 d5 3. Nd2 Nf6 4. g3 c5 5. Bg2 Be7 6. Ngf3 Nc6 7. O-O O-O 8. e5
Nd7 9. Re1 b5 10. c3 a5 11. a4 Ba6 12. axb5 Bxb5 13. c4 dxc4 14. dxc4 Ba6 15. b3
Qc7 16. Ne4 Rad8 17. Nd6 Ndxe5 18. Nxe5 Nxe5 19. Rxe5 Bxd6 20. Rh5 Be5 21. Qc2
g6 22. Rxe5 Qxe5 23. Bb2 Qc7 24. Qc3 f6 25. Re1 Bc8 26. h4 Qd6 27. Bc1 Qd3 28.
Qxa5 Qxb3 29. Bh6 Rd1 30. Bxf8 Rxe1+ 31. Qxe1 Kxf8 32. Qe2 Ke7 33. Bd5 Qb1+ 34.
Kg2 e5 35. Qe3 Kd6 36. Qf3 Qf5 37. Qa3 Qd7 38. Qb3 Qc7 39. Qb5 Bd7 40. Qa6+ Bc6
41. f3 Kd7 42. Bg8 h6 43. Bh7 g5 44. Bf5+ Ke7 45. hxg5 hxg5 46. Kh3 Qb7 47. Qa3
Qb6 48. Kg4 Bd7 49. Qd3 Qd6 50. Qxd6+ Kxd6 51. Bxd7 Kxd7 52. Kf5 Ke7 53. g4 Kf7
54. Ke4 Ke6 55. Ke3 f5 56. Kd3 Kf6 57. Ke3 Ke6 58. Kd3 Kf6 59. Ke3 Ke6 60. Kd3
Kf6 {Game drawn by repetition} 1/2-1/2

[Event "Team 45 45 League T42"]
[Site "Internet Chess Club"]
[Date "2009.08.16"]
[Round "3"]
[White "Gregorio"]
[Black "FastAndFurious"]
[Result "1-0"]
[WhiteElo "2011"]
[BlackElo "1620"]
[Opening "English opening"]
[ECO "A25"]
[Time "14:55:08"]
[TimeControl "2700+45"]

1. c4 e5 2. g3 Nc6 3. Nc3 Bb4 4. Nd5 Nge7 5. Nxb4 Nxb4 6. Bg2 Nbc6 7. Nf3 d6 8.
d4 exd4 9. Nxd4 Bd7 10. O-O O-O 11. b4 Nxb4 12. Bb2 Nbc6 13. Rb1 Nxd4 14. Qxd4
f6 15. Bxb7 Rb8 16. Qxa7 Nc6 17. Qa6 Nb4 18. Bd5+ Nxd5 19. cxd5 Bb5 20. Qa3 Bxe2
21. Rfe1 Bc4 22. Rbc1 Bxd5 23. Qc3 Bxa2 24. Ra1 Bd5 25. Ra7 Rc8 26. Qd3 Bf7 27.
h4 Re8 28. Rc1 Re7 29. Qf5 Bg6 30. Qd5+ Bf7 31. Qf5 Be6 32. Qa5 Bf7 33. h5 d5
34. h6 Rd7 35. hxg7 Kxg7 36. Qd2 Bg6 37. Qd4 Qe7 38. Qf4 Qf7 39. Rc6 Qe8 40.
Qxf6+ Kg8 41. Qh8+ Kf7 42. Qg7# {Black checkmated} 1-0

[Event "Team 45 45 League T42"]
[Site "Internet Chess Club"]
[Date "2009.08.17"]
[Round "3"]
[White "starfire5000"]
[Black "PublisherKing"]
[Result "0-1"]
[WhiteElo "1682"]
[BlackElo "1867"]
[Opening "QGD Slav defense"]
[ECO "D10"]
[Time "15:06:58"]
[TimeControl "2700+45"]

1. d4 c6 2. c4 d5 3. Nc3 Nf6 4. Bf4 e6 5. Nf3 Be7 6. e3 O-O 7. Qc2 Nbd7 8. cxd5
exd5 9. Bd3 Re8 10. O-O Nf8 11. Rae1 Bg4 12. Ne5 Be6 13. Rd1 Ng6 14. e4 Nxf4 15.
Nf3 Nxd3 16. Qxd3 Nxe4 17. Nxe4 dxe4 18. Qxe4 Bd5 19. Qd3 Bxa2 20. b3 Qd5 21.
Nd2 Bb4 22. Qc2 Bxd2 23. Qxa2 Bb4 24. Qc2 a5 25. Rd3 Re4 26. Rfd1 Rae8 27. Rf1
Re1 28. Rd1 Rxf1+ 29. Rxf1 Qxd4 30. h3 Qd2 31. Qf5 g6 32. Qf3 Re1 33. Rxe1 Qxe1+
34. Kh2 Bd6+ 35. g3 Bc5 36. Kg2 b5 37. Qf4 a4 38. bxa4 bxa4 39. Qb8+ Kg7 40.
Qb2+ f6 41. Qb7+ Kh6 42. Qb2 Qxf2+ 43. Qxf2 Bxf2 44. Kxf2 a3 45. Ke3 a2 {White
resigns} 0-1

[Event "Team 45 45 League T42"]
[Site "Internet Chess Club"]
[Date "2009.08.23"]
[Round "3"]
[White "b-spot"]
[Black "xt"]
[Result "1-0"]
[WhiteElo "1764"]
[BlackElo "1518"]
[Opening "QGD: exchange, positional line"]
[ECO "D35"]
[Time "12:30:57"]
[TimeControl "2700+45"]

1. d4 d5 2. c4 e6 3. Nc3 Nf6 4. cxd5 exd5 5. Bg5 Be7 6. e3 h6 7. Bh4 O-O 8. Bd3
Re8 9. Qc2 Be6 10. Bxf6 Bxf6 11. Qb3 b6 12. Nge2 Be7 13. Nf4 c6 14. Nxe6 fxe6
15. O-O Nd7 16. Qc2 Rf8 17. Bh7+ Kh8 18. Ne2 Nf6 19. Bg6 c5 20. Nf4 cxd4 21.
Nxe6 Qd7 22. Nxf8 Bxf8 23. exd4 Rc8 24. Qd3 Qd6 25. Rac1 Rd8 26. Bf5 Qf4 27. g3
Qd6 28. Bh3 Ne4 29. Bg2 Ng5 30. Qf5 Be7 31. Rc8 Bf6 32. Rxd8+ Qxd8 33. Qxd5 Qxd5
34. Bxd5 Bxd4 35. b3 a5 36. h4 Nh7 37. Rc1 Nf6 38. Rc8+ Kh7 39. Bf3 Kg6 40. Kf1
Kf5 41. Ke2 Ke6 42. Kd3 Bxf2 43. g4 Bxh4 44. Rc6+ Ke5 45. Rxb6 Be1 46. Rb7 Kf4
47. Ke2 Bb4 48. Rxg7 Bc3 49. Rg6 Nd7 50. Rxh6 Ne5 51. Rf6+ Kg5 52. Rf5+ {Black
resigns} 1-0

[Event "Team 45 45 League T42"]
[Site "Internet Chess Club"]
[Date "2009.08.16"]
[Round "3"]
[White "blizzard13"]
[Black "Frankly"]
[Result "0-1"]
[WhiteElo "1386"]
[BlackElo "1655"]
[Opening "Sicilian: dragon, Yugoslav attack, 9...Bd7"]
[ECO "B77"]
[Time "14:05:13"]
[TimeControl "2700+45"]

1. e4 c5 2. Nf3 d6 3. d4 cxd4 4. Nxd4 Nf6 5. Nc3 g6 6. Be3 Bg7 7. f3 Nc6 8. Qd2
O-O 9. Bc4 Bd7 10. h4 h5 11. O-O-O Ne5 12. Bb3 Rc8 13. Bg5 Rc5 14. Bh6 Qa5 15.
Bxg7 Kxg7 16. f4 Nc4 17. Bxc4 Rxc4 18. Nb3 Qc7 19. f5 Rd8 20. Rhf1 Nxe4 21. Nxe4
Rxe4 22. fxg6 fxg6 23. Qf2 Bf5 24. Nd4 Rf8 25. c3 Qc8 26. Qg3 Bg4 27. Nf3 Ref4
28. Rd3 Qc4 29. Kc2 Bf5 30. Rd1 Bxd3+ 31. Rxd3 Qxa2 32. Qe1 Qa4+ 33. Kb1 Re4 34.
Qd2 Rf5 35. Rd5 Rxd5 36. Qxd5 Re2 37. Qd3 Qe4 38. Qxe4 Rxe4 39. Kc1 Re2 40. Ng5
Rxg2 41. Ne6+ Kf6 42. Nd4 Rh2 43. Nb5 a6 {White resigns} 0-1

[Event "Team 45 45 League T42"]
[Site "Internet Chess Club"]
[Date "2009.08.17"]
[Round "3"]
[White "Paulkov"]
[Black "Ianjo"]
[Result "1/2-1/2"]
[WhiteElo "1985"]
[BlackElo "1921"]
[Opening "Caro-Kann: Steinitz variation"]
[ECO "B17"]
[Time "20:02:21"]
[TimeControl "2700+45"]

1. e4 c6 2. d4 d5 3. Nc3 dxe4 4. Nxe4 Nd7 5. Bc4 Ngf6 6. Ng5 e6 7. Qe2 Nb6 8.
Bb3 h6 9. N5f3 a5 10. a3 c5 11. Be3 Qc7 12. Ne5 Bd6 13. dxc5 Bxc5 14. Bxc5 Qxc5
15. Ngf3 a4 16. Ba2 O-O 17. Rd1 Bd7 18. Nxd7 Nbxd7 19. O-O Rfd8 20. c3 Nb6 21.
Nd4 {Game drawn by mutual agreement} 1/2-1/2

[Event "Team 45 45 League T42"]
[Site "Internet Chess Club"]
[Date "2009.08.16"]
[Round "3"]
[White "PrincessChess"]
[Black "Victorianum"]
[Result "0-1"]
[WhiteElo "1726"]
[BlackElo "1759"]
[Opening "Sicilian: closed"]
[ECO "B23"]
[Time "15:07:30"]
[TimeControl "2700+45"]

1. e4 c5 2. Nc3 e6 3. f4 d5 4. Nf3 a6 5. d3 b5 6. exd5 exd5 7. Be2 Bb7 8. O-O
Nf6 9. a3 Bd6 10. Ng5 O-O 11. Bf3 Qc7 12. Nh3 Nbd7 13. Ne2 c4 14. dxc4 Bc5+ 15.
Kh1 dxc4 16. Nc3 Rad8 17. Bxb7 Qxb7 18. Qf3 Qxf3 19. Rxf3 Rfe8 20. Rf1 Ne4 21.
Nd5 Ndf6 22. Nxf6+ Nxf6 23. f5 Re2 24. c3 Ng4 25. g3 Rxh2# {White checkmated}
0-1

[Event "Team 45 45 League T42"]
[Site "Internet Chess Club"]
[Date "2009.08.16"]
[Round "3"]
[White "Rhel"]
[Black "LuxAeterna"]
[Result "0-1"]
[WhiteElo "1600"]
[BlackElo "1819"]
[Opening "QGD Slav: 4.Nc3"]
[ECO "D15"]
[Time "12:01:13"]
[TimeControl "2700+45"]

1. d4 c6 2. c4 Nf6 3. Nf3 d5 4. Nc3 Bf5 5. cxd5 cxd5 6. Qb3 Bc8 7. Bf4 a6 8. e3
e6 9. Bd3 Bd6 10. Bxd6 Qxd6 11. a4 Nc6 12. O-O Nb4 13. Ne5 Nxd3 14. Nxd3 O-O 15.
Ne5 Nd7 16. f4 Rb8 17. Nxd7 Bxd7 18. Qa3 Qc6 19. Rfc1 Qb6 20. a5 Qd8 21. Qd6 Bc6
22. Qxd8 Rfxd8 23. Na4 Bxa4 24. Rxa4 Rbc8 25. Rxc8 Rxc8 26. Rb4 Rc7 27. Kf2 Kf8
28. Kf3 Ke7 29. e4 Kd7 30. e5 Kc8 31. g4 g6 32. g5 Rc1 33. Kg2 Ra1 34. Rb6 Rxa5
35. b4 Ra3 36. h4 Kc7 37. Rd6 Rb3 38. h5 Rxb4 39. hxg6 hxg6 40. f5 gxf5 41. g6
fxg6 42. Rxe6 Rxd4 43. Rxg6 Rg4+ 44. Rxg4 fxg4 45. Kg3 Kd7 46. Kxg4 Ke6 47. Kf4
b5 48. Ke3 Kxe5 {White resigns} 0-1

[Event "Team 45 45 League T42"]
[Site "Internet Chess Club"]
[Date "2009.08.15"]
[Round "3"]
[White "raimundo"]
[Black "allanchs"]
[Result "1/2-1/2"]
[WhiteElo "1792"]
[BlackElo "1556"]
[Opening "Catalan: closed, 6...Nbd7"]
[ECO "E07"]
[Time "10:00:08"]
[TimeControl "2700+45"]

1. d4 d5 2. c4 e6 3. Nf3 Nf6 4. g3 Be7 5. Bg2 O-O 6. O-O Nbd7 7. Ne5 c6 8. Nxd7
Bxd7 9. b3 Qc7 10. Bb2 Rad8 11. Qc2 c5 12. cxd5 Nxd5 13. Nd2 b6 14. Ne4 cxd4 15.
Qxc7 Nxc7 16. Bxd4 Bb5 17. Be5 Nd5 18. Rfe1 Bb4 19. Rec1 Bxe2 20. Nc3 Bxc3 21.
Bxc3 Nxc3 22. Rxc3 Rd7 23. Rac1 Rfd8 24. h4 Kf8 25. Bf1 Bxf1 26. Kxf1 Rd1+ 27.
Rxd1 Rxd1+ 28. Kg2 Ke7 29. Rc7+ Rd7 30. Rc3 Rd2 {Game drawn by mutual agreement}
1/2-1/2